AoeStats
← Maty

Black Forest

510434839Analyzed
4v4 RM · 13h ago on Oct 1, 2026· 55m 8s· 8 players
Game mode
Random Map
Map size
Large (8 player)
Population
200
Speed
Normal
Resources
Standard
Victory
Conquest
Starting age
Dark Age
Ending age
Imperial Age
RankedLock teamsTeams togetherTeam positionsShared explorationLock speedFull tech treeHidden civsTurbo modeCheats
Victory
Defeat
🇦🇷 Berbers · Argentina
1763
+16
🇧🇷 Teutons · Brazil
1741
+17
🇵🇪 Poles · Peru
1547
+24
🇪🇨 Inca · Ecuador
1539
+25
🇨🇱 Malay · Chile
1862
-24
🇨🇱 Bengalis · Chile
1858
-24
🇨🇱 Vikings · Chile
1731
-20
🇨🇱 Khmer · Chile
1576
-14
MasteRk
0:37 Loom
11:40 Feudal Age
13:04 Town Watch
15:38 Castle Age
14:02 Double-Bit Axe
15:16 Horse Collar
19:35 Wheelbarrow
20:05 Bow Saw
22:18 Heavy Plow
25:06 Gold Mining
25:42 Stone Mining
29:50 Imperial Age
29:02 Stone Shaft Mining
29:45 Scale Barding Armor
29:51 Forging
30:28 Husbandry
30:39 Bloodlines
30:50 Chain Barding Armor
30:31 Cavalier
31:34 Conscription
31:39 Fletching
32:53 Lechitic Legacy
32:47 Bodkin Arrow
34:57 Iron Casting
35:24 Hand Cart
34:46 Light Cavalry
36:56 Blast Furnace
36:01 Caravan
36:24 Winged Hussar
38:15 Szlachta Privileges
40:11 Coinage
44:47 Bracer
45:09 Ballistics
45:49 Chemistry
45:21 Banking
47:52 Onager
48:35 Elite Obuch
49:15 Scale Mail Armor
50:29 Chain Mail Armor
52:46 Siege Engineers
52:21 Treadmill Crane
54:46 Crop Rotation
UA | NanitoCba
0:59 Loom
12:38 Feudal Age
13:19 Double-Bit Axe
19:45 Town Watch
22:59 Wheelbarrow
22:24 Fletching
28:06 Castle Age
26:56 Horse Collar
27:00 Fishing Lines
28:20 Gold Mining
29:28 Hand Cart
29:24 Bow Saw
31:57 Kasbah
33:39 Bodkin Arrow
34:12 Padded Archer Armor
36:47 Bloodlines
35:57 Light Cavalry
38:36 Ballistics
41:28 Leather Archer Armor
45:35 Imperial Age
43:35 Husbandry
44:06 Caravan
45:20 Thumb Ring
45:57 Scale Barding Armor
45:39 Elite Genitour
46:21 Bracer
46:52 Ring Archer Armor
47:24 Chemistry
46:04 Hussar
47:04 Scale Barding Armor
47:10 Forging
49:31 Chain Barding Armor
52:15 Plate Barding Armor
52:16 Iron Casting
53:36 Conscription
53:17 Maghrebi Camels
Maty
4:37 Loom
11:07 Feudal Age
15:14 Castle Age
13:28 Double-Bit Axe
13:25 Horse Collar
13:31 Fishing Lines
15:14 Loom
26:32 Bow Saw
26:04 Horse Collar
26:48 Gillnets
27:46 Sanctity
28:22 Wheelbarrow
27:50 Heavy Plow
29:54 Hand Cart
29:25 Loom
30:23 Gold Mining
30:24 Stone Mining
33:11 Imperial Age
30:29 Town Watch
31:04 Scale Mail Armor
32:11 Chain Mail Armor
32:08 Forging
32:50 Fletching
33:36 Iron Casting
33:40 Gold Shaft Mining
33:41 Stone Shaft Mining
33:29 Ballistics
33:20 Masonry
32:51 Treadmill Crane
34:04 Guilds
33:20 Capped Ram
34:01 Onager
34:53 Squires
34:14 Pikeman
34:15 Champi Runner
34:44 Arson
37:16 Chemistry
36:23 Siege Engineers
36:57 Plate Mail Armor
36:21 Champi Warrior
38:34 Pikeman
39:17 Elite Champi Warrior
40:48 Coinage
42:19 Bodkin Arrow
42:25 Padded Archer Armor
42:19 Crossbowman
43:06 Thumb Ring
43:32 Conscription
43:24 Andean Sling
43:42 Bracer
43:58 Leather Archer Armor
43:40 Arbalester
44:37 Elite Skirmisher
46:17 Ring Archer Armor
47:30 Banking
47:05 Caravan
Fs.churacoRS
11:43 Feudal Age
15:14 Castle Age
13:04 Double-Bit Axe
15:24 Horse Collar
16:17 Bow Saw
16:25 Fishing Lines
21:29 Wheelbarrow
20:42 Loom
20:44 Town Watch
22:00 Heavy Plow
22:24 Fishing Lines
25:18 Gold Mining
26:25 Scale Barding Armor
26:30 Forging
29:18 Imperial Age
27:05 Hand Cart
26:55 Scale Mail Armor
27:50 Pikeman
28:31 Squires
28:57 Chain Mail Armor
29:17 Iron Casting
29:22 Halberdier
30:33 Plate Mail Armor
30:25 Chain Barding Armor
31:07 Chemistry
32:01 Blast Furnace
31:34 Bloodlines
30:45 Cavalier
33:43 Ballistics
34:23 Paladin
35:45 Siege Engineers
39:28 Plate Barding Armor
42:32 Caravan
43:03 Coinage
52:50 Banking
HR 2666
0:40 Loom
10:35 Feudal Age
10:29 Man-at-Arms
14:25 Double-Bit Axe
16:19 Wheelbarrow
19:19 Town Watch
21:49 Castle Age
20:44 Horse Collar
20:56 Gold Mining
22:03 Bow Saw
21:59 Fletching
26:09 Bodkin Arrow
26:15 Heavy Plow
32:20 Imperial Age
29:50 Pikeman
31:27 Squires
31:41 Forging
32:01 Bracer
33:20 Chemistry
35:16 Forging
37:22 Iron Casting
37:12 Conscription
38:09 Hand Cart
37:49 Elite Karambit Warrior
38:57 Halberdier
42:17 Blast Furnace
41:41 Forced Levy
42:29 Arson
45:28 Thalassocracy
46:05 Gold Shaft Mining
45:21 Stone Mining
46:10 Siege Engineers
48:02 Caravan
50:13 Padded Archer Armor
50:44 Crop Rotation
50:50 Stone Shaft Mining
HR AboKeiTo
8:02 Loom
11:19 Feudal Age
11:47 Fishing Lines
19:14 Castle Age
17:45 Double-Bit Axe
18:15 Gold Mining
20:14 Bow Saw
19:56 Gillnets
22:53 Wheelbarrow
26:26 Hand Cart
30:34 Imperial Age
30:16 Gold Shaft Mining
29:32 Stone Mining
30:37 Paiks
30:41 Elite Elephant Archer
31:13 Fletching
31:24 Padded Archer Armor
31:55 Bodkin Arrow
32:40 Bracer
32:56 Leather Archer Armor
33:42 Chemistry
33:03 Ballistics
33:19 Conscription
33:53 Horse Collar
35:48 Bloodlines
35:39 Husbandry
36:37 Ring Archer Armor
36:43 Siege Engineers
36:48 Masonry
38:45 Coinage
38:16 Caravan
39:46 Sanctity
39:43 Block Printing
39:44 Redemption
42:36 Fortified Wall
42:57 Architecture
HR Fast_PIG
12:47 Feudal Age
13:24 Loom
16:23 Castle Age
14:23 Double-Bit Axe
16:23 Fishing Lines
17:48 Gillnets
18:12 Bow Saw
19:04 Gold Mining
19:04 Stone Mining
19:34 Stone Mining
27:17 Imperial Age
26:21 Gold Shaft Mining
25:38 Fletching
26:36 Bodkin Arrow
26:41 Padded Archer Armor
26:09 Crossbowman
27:24 Ballistics
27:23 Onager
28:35 Bracer
28:38 Arbalester
29:40 Leather Archer Armor
32:11 Ring Archer Armor
32:45 Conscription
33:21 Bogsveigar
33:59 Hoardings
33:53 Caravan
35:02 Masonry
34:48 Murder Holes
36:02 Chemistry
35:36 Coinage
36:19 Loom
39:48 Fortified Wall
39:49 Masonry
47:05 Architecture
HR Since6699
0:38 Loom
10:12 Feudal Age
13:19 Fletching
20:55 Castle Age
19:24 Stone Mining
24:04 Gold Mining
27:01 Fishing Lines
29:54 Imperial Age
29:14 Wheelbarrow
28:25 Double-Bit Axe
28:21 Horse Collar
30:03 Man-at-Arms
30:03 Pikeman
30:54 Scale Mail Armor
30:46 Pikeman
31:53 Halberdier
32:49 Chain Mail Armor
32:44 Forging
34:42 Bow Saw
35:49 Fortified Wall
35:52 Scale Barding Armor
36:23 Iron Casting
36:56 Iron Casting
36:54 Hand Cart
36:32 Arson
37:43 Town Watch
40:51 Conscription
50:09 Blast Furnace
Connection lost

Rejoining the realm…

Still unreachable

The connection could not be restored.

Session expired

The server has moved on; the page needs a fresh start.